 Dungeon Crawl Stone Soup version 0.23-a0-356-g1757c6e (webtiles) character file.

178 EvilAliv3 the Covered (level 5, -5/39 HPs)
             Began as a Demonspawn Wanderer on Oct 21, 2018.
             Killed by nerve-wracking pain
             ... invoked by an orc priest
              (12 damage)
             ... on level 3 of the Dungeon on Oct 22, 2018.
             The game lasted 00:20:06 (3177 turns).

EvilAliv3 the Covered (Demonspawn Wanderer)         Turns: 3177, Time: 00:20:07

Health: -5/39      AC: 13    Str: 11    XL:     5   Next: 32%
Magic:  5/5        EV:  6    Int: 15    God:
Gold:   128        SH:  0    Dex: 13    Spells: 4/4 levels left

rFire    . . .     SeeInvis .   b - +0 falchion
rCold    . . .     Gourm    .   (no shield)
rNeg     . . .     Faith    .   t - +0 chain mail
rPois    +         Spirit   .   (helmet restricted)
rElec    .         Reflect  .   q - +2 cloak {rPois}
rCorr    .         Harm     .   (no gloves)
MR       .....                  (no boots)
Stlth    ..........             (no amulet)
HPRegen  0.13/turn              (no ring)
MPRegen  0.09/turn              (no ring)

@: no status effects
A: horns 1, sturdy frame 1
a: no special abilities


You were on level 3 of the Dungeon.
You were not hungry.

You visited 1 branch of the dungeon, and saw 3 of its levels.

You collected 128 gold pieces.

Inventory:

Hand Weapons
 a - a +0 shortbow
 b - a +0 falchion (weapon)
 s - a +1 hand crossbow
Missiles
 c - 44 bolts
Armour
 d - a +0 shield
 q - a +2 cloak of poison resistance (worn)
 t - a +0 chain mail (worn)
 w - a +2 robe of magic resistance
Jewellery
 f - a cursed ring of wizardry {unknown}
Scrolls
 i - 6 scrolls of remove curse
 k - a scroll of teleportation
 l - 2 scrolls of fog {unknown}
 o - 2 scrolls of enchant weapon
 p - 2 scrolls of amnesia {unknown}
 x - a scroll of fear {unknown}
Potions
 h - a potion of ambrosia
 m - a potion of agility {unknown}
 n - a potion of lignification {unknown}
 r - 2 potions of heal wounds {unknown}
 u - 5 potions of curing
 v - 2 potions of brilliance {unknown}
 z - 2 potions of cancellation
 A - a potion of haste {unknown}
 B - a potion of degeneration {unknown}
 C - a potion of berserk rage {unknown}
Comestibles
 g - 5 rations
 j - a chunk of flesh


   Skills:
 + Level 2.7 Fighting
 - Level 1.7 Bows
 + Level 2.0 Crossbows
 + Level 5.1 Armour
 + Level 2.9 Shields


You had 4 spell levels left.
You didn't know any spells.
Your spell library was empty.

Dungeon Overview and Level Annotations

Branches:
Dungeon (3/15)

Altars:
Gozag
Okawaru
Yredelemnul


Innate Abilities, Weirdness & Mutations

You have a pair of small horns on your head.
Your movements are slightly less encumbered by armour. (ER -2)


Message History

You hit the orc.
You kill the orc!
The orc priest invokes the aid of Beogh against you.
Beogh smites you!
* * * LOW HITPOINT WARNING * * *
The orc priest hits you.
* * * LOW HITPOINT WARNING * * *
Items here: ( ))) [[[ †† You hit the orc priest.
You headbutt the orc priest, but do no damage.
The orc priest is moderately wounded.
The orc priest hits you but does no damage.
You hit the orc priest.
The orc priest is severely wounded.
The orc priest hits you but does no damage. x2
You hit the orc priest but do no damage.
The orc priest is heavily wounded.
The orc priest mumbles some strange prayers to Beogh against you.
Pain shoots through your body!
You die...

#.. ..[. ####### #..
#((#### #..# #...#. #...
.(... #((.## #....
.######.(# ........o#
########@# #.# #.#
########.# #........#
#.#####..### ### #####
#.##.......#####.##
#...###.##.#........#.#.##
#[#..).....#.....##..###.##


You could see an orc priest.

Vanquished Creatures
  An orc priest (D:3)
  An iguana (D:3)
  3 adders
  5 dart slugs
  A leopard gecko (D:3)
  4 orcs (D:3)
  A ball python (D:2)
  7 bats
  4 giant cockroaches
  8 goblins
  9 hobgoblins
  11 jackals
  4 kobolds
  11 frilled lizards
  8 rats
  A spectral orc (D:3)
79 creatures vanquished.

Notes
Turn   | Place    | Note
-------+----------+-------------------------------------------
     0 | D:1      | EvilAliv3 the Demonspawn Wanderer began the quest for the
                  | Orb.
     0 | D:1      | EvilAliv3 set off with: a +0 shield, a +0 hand crossbow, 24
                  | bolts, a +0 shortbow, 28 arrows, a +0 robe, a ration
     0 | D:1      | Reached XP level 1. HP: 15/15 MP: 1/1
    98 | D:1      | Gained mutation: You have a pair of small horns on your
                  | head. [demonic ancestry]
    98 | D:1      | Reached XP level 2. HP: 21/21 MP: 2/2
   271 | D:1      | Reached skill level 1 in Crossbows
   404 | D:1      | Gained mutation: Your movements are slightly less
                  | encumbered by armour. (ER -2) [demonic ancestry]
   404 | D:1      | Reached XP level 3. HP: 27/27 MP: 3/3
  1198 | D:2      | Reached XP level 4. HP: 28/33 MP: 4/4
  1403 | D:2      | Found an opulent altar of Gozag.
  1446 | D:2      | Found an iron altar of Okawaru.
  2338 | D:3      | Reached skill level 5 in Armour
  2763 | D:3      | Found a basalt altar of Yredelemnul.
  2921 | D:3      | Reached XP level 5. HP: 39/39 MP: 5/5
  3177 | D:3      | Killed from afar by an orc priest

Vault maps used:
D:1:      lightli_iron_boxes, minmay_misc_feat_secret_circle
D:2:      nicolae_overflow_crystal_walls, grunt_ministairs_2,
          corexii_item_surrounded_by_moat, okawaru_gym_becter
D:3:      yredelemnul_forgotten_temple_becter, minivault_19

Skill      XL: |  1  2  3  4  5 |
---------------+----------------+-----
Shields        | 2 |  2.9
Crossbows      | 1 2 |  2.0
Fighting       | 2 |  2.7
Armour         | 5 |  5.1
Bows           | |  1.7

Action                   |  1- 3 |  4- 6 || total
-------------------------+-------+-------++-------
Melee: Falchion          |       |    44 ||    44
       Headbutt          |       |     8 ||     8
 Fire: Shortbow          |   148 |   109 ||   257
       Hand crossbow     |     1 |       ||     1
  Use: Scroll            |       |     7 ||     7
  Eat: Chunk             |     1 |     6 ||     7
Armor: Robe              |    12 |    14 ||    26
       Chain mail        |       |    58 ||    58
Dodge: Dodged            |    40 |    45 ||    85
       Rpst.: Falchion   |       |     3 ||     3

Table legend:
 A = Non-vault XP
 B = Vault XP
 C = Vault XP percentage of total XP
 D = Non-vault monster count
 E = Vault monster count
 F = Vault count percentage of total count
                 A         B        C        D         E       F
            +---------+---------+-------+---------+---------+-------
      Total |     248 |       7 |   2.7 |      75 |       4 |   5.1
            +---------+---------+-------+---------+---------+-------
        D:1 |      47 |       0 |   0.0 |      24 |       0 |   0.0
        D:2 |      59 |       6 |   9.2 |      23 |       3 |  11.5
        D:3 |     142 |       1 |   0.7 |      28 |       1 |   3.4
            +---------+---------+-------+---------+---------+-------
